AoeStats
← Wicked Lui

Lombardia

508711769Analyzed
4v4 RM · 9d ago on Sep 23, 2026· 61m 0s· 8 players
Game mode
Random Map
Map size
Large (8 player)
Population
200
Speed
Normal
Resources
Standard
Victory
Conquest
Starting age
Dark Age
Ending age
Imperial Age
RankedLock teamsTeams togetherTeam positionsShared explorationLock speedFull tech treeHidden civsTurbo modeCheats
Victory
Defeat
🇹🇷 Varangians · Türkiye
1485
+10
🇹🇷 Poles · Türkiye
1474
+10
🇹🇷 Sicilians · Türkiye
1399
+13
🇹🇷 Persians · Türkiye
1204
+22
🇹🇼 Persians · Taiwan
1378
-15
🇨🇭 Varangians · Switzerland
1352
-14
🇨🇳 Gurjaras · China
1340
-14
🇲🇽 Wu · Mexico
1288
-12
帝国新手
5:09 Loom
10:38 Feudal Age
11:13 Double-Bit Axe
15:55 Castle Age
15:04 Bloodlines
15:19 Horse Collar
16:59 Bow Saw
18:03 Wheelbarrow
19:02 Husbandry
22:38 Hand Cart
24:57 Heavy Plow
27:14 Scale Barding Armor
27:21 Forging
30:22 Imperial Age
30:31 Chain Barding Armor
30:47 Iron Casting
30:23 Heavy Camel Rider
31:07 Gold Mining
31:14 Town Watch
32:06 Plate Barding Armor
32:34 Frontier Guards
32:34 Conscription
33:32 Crop Rotation
34:53 Caravan
38:01 Fletching
38:32 Ballistics
39:12 Chemistry
39:42 Bodkin Arrow
39:48 Padded Archer Armor
40:12 Elite Shrivamsha Rider
41:32 Kshatriyas
42:18 Bracer
42:33 Leather Archer Armor
42:19 Scale Mail Armor
44:12 Hoardings
45:36 Kshatriyas
44:57 Elite Chakram Thrower
47:23 Fortified Wall
49:26 Chain Mail Armor
51:02 Plate Mail Armor
Blue Cheese
9:14 Loom
12:00 Feudal Age
12:28 Double-Bit Axe
12:25 Horse Collar
16:51 Castle Age
16:58 Scale Barding Armor
19:03 Wheelbarrow
21:07 Bloodlines
25:27 Chain Barding Armor
28:09 Heavy Plow
30:42 Hand Cart
30:15 Town Watch
31:18 Forging
31:10 Scale Mail Armor
34:01 Imperial Age
32:05 Gold Mining
33:26 Chain Mail Armor
33:46 Iron Casting
33:22 Gambesons
33:40 Squires
34:08 Elite Varangian Guard
36:25 Plate Mail Armor
36:56 Blast Furnace
37:09 Conscription
37:18 Arson
37:30 Gothikon
46:47 Caravan
47:00 Vendel Legacy
洞腰腰
6:22 Loom
11:43 Feudal Age
16:51 Castle Age
14:45 Double-Bit Axe
15:07 Horse Collar
18:27 Bow Saw
18:58 Wheelbarrow
24:30 Heavy Plow
25:51 Gold Mining
25:52 Stone Mining
27:26 Gold Shaft Mining
29:56 Imperial Age
28:30 Scale Barding Armor
28:36 Forging
28:40 Bloodlines
28:31 Husbandry
30:19 Chain Barding Armor
30:37 Iron Casting
29:43 Cavalier
31:11 Hand Cart
30:42 Town Watch
31:43 Stone Shaft Mining
31:45 Plate Barding Armor
31:43 Crop Rotation
32:17 Two-Man Saw
31:53 Savar
33:06 Masonry
33:58 Blast Furnace
32:50 Fletching
34:24 Architecture
37:26 Light Cavalry
38:57 Hussar
40:01 Caravan
40:18 Bodkin Arrow
47:22 Conscription
47:56 Citadels
50:13 Town Patrol
HK | Jai Guru Deva
7:25 Loom
9:11 Feudal Age
10:04 Man-at-Arms
11:24 Double-Bit Axe
11:51 Horse Collar
16:21 Wheelbarrow
19:42 Castle Age
20:56 Bow Saw
20:48 Heavy Plow
21:04 Gold Mining
23:14 Hand Cart
30:09 Scale Mail Armor
30:20 Forging
30:37 Squires
30:23 Arson
31:09 Chain Mail Armor
33:37 Imperial Age
32:46 Iron Casting
32:49 Caravan
34:55 Plate Mail Armor
36:05 Blast Furnace
35:39 Fletching
36:53 Chemistry
36:19 Ballistics
36:35 Bodkin Arrow
36:40 Padded Archer Armor
36:54 Bloodlines
36:45 Husbandry
37:16 Conscription
37:52 Bracer
45:11 Leather Archer Armor
45:57 Blast Furnace
Wicked Lui
10:09 Feudal Age
15:18 Castle Age
14:56 Double-Bit Axe
16:55 Bow Saw
19:27 Wheelbarrow
20:37 Stone Mining
21:34 Gold Mining
22:16 Loom
25:21 Fletching
26:19 Hand Cart
26:20 Scale Barding Armor
27:04 Husbandry
27:14 Bloodlines
29:52 Chain Barding Armor
29:42 Horse Collar
32:28 Heavy Plow
33:10 Gold Shaft Mining
35:49 Imperial Age
34:01 Forging
35:34 Scale Mail Armor
36:09 Iron Casting
35:39 Pikeman
36:20 Squires
36:05 Arson
35:52 Cavalier
36:22 Halberdier
37:43 Chain Mail Armor
38:04 Plate Barding Armor
38:42 Savar
43:08 Blast Furnace
42:39 Plate Mail Armor
44:16 Conscription
51:51 Light Cavalry
57:24 Crop Rotation
59:10 Two-Man Saw
koteshii
6:17 Loom
8:27 Feudal Age
9:21 Double-Bit Axe
10:33 Horse Collar
17:00 Castle Age
17:57 Bow Saw
18:38 Wheelbarrow
22:28 Heavy Plow
22:52 Hand Cart
23:46 Stone Mining
23:48 Gold Mining
29:54 Imperial Age
27:27 Fletching
28:26 Masonry
29:05 Scale Mail Armor
29:16 Forging
30:04 Chain Mail Armor
29:52 Squires
29:38 Gambesons
29:38 Arson
29:44 Gambesons
29:44 Arson
29:58 Elite Varangian Guard
31:14 Iron Casting
31:47 Town Watch
32:45 Crop Rotation
33:24 Two-Man Saw
34:18 Conscription
35:20 Plate Mail Armor
35:59 Blast Furnace
34:37 Gothikon
36:15 Husbandry
37:12 Light Cavalry
38:54 Coinage
39:09 Fortified Wall
39:36 Town Patrol
39:23 Treadmill Crane
39:23 Man-at-Arms
40:35 Banking
41:34 Bodkin Arrow
41:39 Padded Archer Armor
42:01 Ballistics
42:41 Chemistry
43:15 Guilds
43:06 Caravan
44:38 Bracer
44:54 Leather Archer Armor
44:51 Masonry
47:00 Capped Ram
47:53 Long Swordsman
47:57 Siege Ram
54:07 Ring Archer Armor
53:49 Siege Engineers
56:57 Architecture
58:28 Spies/Treason
Alarmaaa5374
10:48 Feudal Age
15:20 Castle Age
13:18 Double-Bit Axe
13:58 Horse Collar
22:42 Wheelbarrow
23:33 Bow Saw
23:13 Loom
29:30 Imperial Age
27:26 Heavy Plow
27:32 Gold Mining
27:31 Town Watch
27:40 Stone Mining
28:58 Forging
28:54 Scale Barding Armor
29:01 Bloodlines
28:51 Husbandry
29:52 Hand Cart
30:49 Crop Rotation
30:55 Gold Shaft Mining
29:42 Cavalier
31:13 Stone Shaft Mining
31:00 Chain Barding Armor
30:31 Fletching
31:19 Iron Casting
31:46 Ballistics
32:27 Chemistry
31:51 Ballistics
32:18 Conscription
31:33 Light Cavalry
32:57 Masonry
32:44 Murder Holes
33:23 Town Patrol
33:51 Hauberk
35:58 Plate Barding Armor
36:43 Blast Furnace
36:03 Fletching
35:59 Capped Ram
37:02 Siege Ram
39:22 Caravan
42:44 Onager
46:26 Siege Engineers
46:21 Bodkin Arrow
48:12 Hoardings
48:01 First Crusade
50:33 Bracer
50:25 Siege Onager
MinorCloud9519
10:24 Feudal Age
11:43 Double-Bit Axe
11:40 Horse Collar
15:37 Castle Age
17:31 Wheelbarrow
16:57 Heavy Plow
17:09 Bow Saw
17:53 Loom
17:54 Town Watch
19:39 Gold Mining
20:19 Stone Mining
25:42 Fletching
26:23 Hand Cart
28:42 Imperial Age
26:55 Bodkin Arrow
27:36 Padded Archer Armor
28:44 Leather Archer Armor
28:51 Ballistics
28:11 Treadmill Crane
29:50 Conscription
29:50 Bracer
30:53 Chemistry
30:27 Forging
30:22 Scale Barding Armor
31:29 Crop Rotation
31:18 Thumb Ring
31:34 Bloodlines
31:25 Husbandry
30:47 Light Cavalry
31:43 Heavy Mounted Crossbowman
33:19 Siege Engineers
34:19 Chain Barding Armor
34:35 Iron Casting
35:55 Winged Hussar
36:57 Lechitic Legacy
37:16 Scale Mail Armor
38:16 Blast Furnace
37:51 Squires
37:13 Pikeman
39:07 Chain Mail Armor
39:03 Elite Obuch
40:03 Arson
40:29 Caravan
44:10 Plate Mail Armor
49:35 Bombard Tower
51:33 Coinage
51:24 Masonry
51:10 Murder Holes
51:01 Arrowslits
54:33 Hoardings
54:54 Banking
58:52 Spies/Treason
Connection lost

Rejoining the realm…

Still unreachable

The connection could not be restored.

Session expired

The server has moved on; the page needs a fresh start.